 Dungeon Crawl Stone Soup version 0.29-a0-925-g0a7a3d12f8 (webtiles) character file.

Game seed: 15069494150225411206

3 iguanaiguana the Shield-Bearer (level 1, -1/19 HPs)
             Began as a Meteoran Fighter on July 28, 2022.
             Frozen to death by an endoplasm (3 damage)
             ... on level 2 of the Dungeon.
             The game lasted 00:01:00 (64 turns).

iguanaiguana the Shield-Bearer (Meteoran Fighter)     Turns: 64, Time: 00:01:00

Health: -1/19      AC:  6    Str: 17    XL:     1   Next: 71%
Magic:  2/2        EV:  9    Int:  9    God:
Gold:   0          SH:  5    Dex: 13    Spells: 0/0 levels left

rFire   . . .      SeeInvis .   a - +0 war axe
rCold   . . .      Faith    .   c - +0 buckler
rNeg    . . .      Spirit   .   b - +0 scale mail
rPois   .          Reflect  .   (no helmet)
rElec   .          Harm     .   (no cloak)
rCorr   .          Rampage  .   (no gloves)
Will    .....                   (no boots)
Stlth   ..........              (no amulet)
HPRegen 0.06/turn               (no ring)
MPRegen 0.08/turn               (no ring)

@: glowing
A: sense surroundings 1, otherworldly, glowing, explore regen
a: no special abilities


You were on level 2 of the Dungeon.
You visited 1 branch of the dungeon, and saw 3 of its levels.

Inventory:

Hand Weapons
 a - a +0 war axe (weapon)
Armour
 b - a +0 scale mail (worn)
 c - a +0 buckler (worn)
Scrolls
 e - a scroll of vulnerability {unknown}
Potions
 d - a potion of might {@q3}


   Skills:
 - Level 3.3 Fighting
 + Level 2.6 Axes
 - Level 3.6 Armour
 - Level 3.6 Shields


You couldn't memorise any spells.
You didn't know any spells.
Your spell library was empty.

Dungeon Overview and Level Annotations

Branches:
Dungeon (3/15) Zot: 1728

Altars:

Annotations:
D:3 Terence


Innate Abilities, Weirdness & Mutations

You passively map a small area around you.
You are easily found by Zot.
You glow in the dark.
You regain HP and MP as you explore.


Message History

Terence hits you with a +3 hand axe of electrocution.
An endoplasm comes into view.
You barely miss Terence.
The endoplasm quivers.
You slash the endoplasm!
You kill the endoplasm!
Terence is no longer blind.
Terence hits you with a +3 hand axe of electrocution.
Throw: 2 darts (atropa)
Press: ? - help, Shift-Dir - straight line, f/p - Terence
Aim: Terence, wielding a +3 hand axe of electrocution and wearing a +0 scale mail (61% to hit, chance to blind on hit: 100%)
You throw an atropa-tipped dart. The atropa-tipped dart hits Terence.
Terence appears confused.
Found 8 gold pieces.
Terence seems less confused.
Terence hits you with a +3 hand axe of electrocution!
* * * LOW HITPOINT WARNING * * *
You see here an atropa-tipped dart.
You catch the helpless Terence completely off-guard!
You hit Terence.
Terence is moderately wounded.
You slash Terence!
Terence is severely wounded.
You barely miss the endoplasm.
Terence is no longer blind.
Terence hits you with a +3 hand axe of electrocution.
* * * LOW HITPOINT WARNING * * *
Throw: dart (atropa)
Press: ? - help, Shift-Dir - straight line, f/p - Terence
Aim: Terence, wielding a +3 hand axe of electrocution and wearing a +0 scale mail (severely wounded, 61% to hit, chance to blind on hit: 100%)
You throw an atropa-tipped dart. The atropa-tipped dart hits Terence.
Terence appears confused.
Terence is severely wounded.
The endoplasm attacks as you move away!
Terence seems less confused.
There is a stone staircase leading up here.
You climb upwards.
There is a stone staircase leading down here.
You hit the endoplasm.
The endoplasm is severely wounded.
The endoplasm freezes you.
You are frozen.
You die...

* ,≈, ### * * * *** ,
#.. ,, , , , * #.#####
**** ###.#... , #
,.##+##.#.#.####.#.###
, .......)..@..........
* ##.##....#J##.###.###
#.....#.#....
#.##########..#.#.####*
,, #...............#. ,
,, * #####...##......#.
, ** , , #....)......#.
* #....#........# ,
#....#........#


You could see an endoplasm.

Vanquished Creatures
  An endoplasm (D:3)
  A goblin (D:2)
  A frilled lizard (D:2)
3 creatures vanquished.

Notes
Turn   | Place    | Note
-------+----------+-------------------------------------------
     0 | D:1      | iguanaiguana the Meteoran Fighter began the quest for the
                  | Orb.
     0 | D:1      | Reached XP level 1. HP: 19/19 MP: 2/2
    50 | D:3      | Noticed Terence
    64 | D:2      | Frozen to death by an endoplasm

Illustrated notes

Levels and vault maps discovered:
D:1:      minmay_arrival_jagged, layout_loops_ring, serial_forest,
          infiniplex_forest_clump_medium, infiniplex_forest_straight_1,
          infiniplex_forest_clump_C, infiniplex_forest_clump_curved,
          infiniplex_forest_zigzag_1, infiniplex_forest_end_double,
          infiniplex_forest_lined_room_2, supply_closet_lemuel
D:2:      layout_basic, basic_ecumenical_altar, minmay_misc_feat_hallway,
          nicolae_concentric_dashed_squares_mild, roderic_roman_lattice,
          dk_vineyard_2, minmay_misc_feat_doors, kennysheep_small_spiral
D:3:      cheibrodos_old_hovel, layout_rooms, minmay_mini_jars, uniq_terence

Action                   || total
-------------------------++-------
Melee: War axe           ||    17
Throw: Dart              ||     3
 Stab: Invisible         ||     1
Armor: Scale mail        ||     9
Dodge: Dodged            ||     5
Block: Buckler           ||     5

Table legend: (Time is in decaauts)
 A = Elapsed time spent in this place.
 B = Non-inter-level travel time spent in this place.
 C = Inter-level travel time spent in this place.
 D = Time resting spent in this place.
 E = Time spent auto-exploring this place.
 F = Levels seen in this place.
 G = Mean time per level.
                   A        B        C        D        E       F      G
               +--------+--------+--------+--------+--------+-----+--------+
         Total |     70 |     56 |     14 |      0 |      0 |   3 |   23.3 |
       Dungeon |     70 |     56 |     14 |      0 |      0 |   3 |   23.3 |
               +--------+--------+--------+--------+--------+-----+--------+

Top non-repeatable levels by time:
     D:2: 44 daAuts
     D:3: 14 daAuts
     D:1: 12 daAuts
